 Dungeon Crawl Stone Soup version 0.30-a0-782-ge64f9170bb (webtiles) character file.

Game seed: 17548408838463042557

5620 112233 the Thaumaturge (level 10, -1/60 HPs)
             Began as a Deep Elf Conjurer on Feb 26, 2023.
             Was a Follower of Vehumet.
             Succumbed to a hornet's poison
             ... while paralysed by a hornet
             ... on level 9 of the Dungeon.
             The game lasted 00:09:22 (10722 turns).

112233 the Thaumaturge (Deep Elf Conjurer)         Turns: 10722, Time: 00:09:23

Health: -1/60      AC:  7    Str:  4    XL:     10   Next: 45%
Magic:  6/29       EV:  2    Int: 28    God:    Vehumet [*.....]
Gold:   515        SH:  0    Dex: 13    Spells: 24/35 levels left

rFire   . . .      SeeInvis .    O - +3 dagger (venom)
rCold   . . .      Faith    .    (no shield)
rNeg    . . .      Spirit   .    a - +0 robe
rPois   .          Reflect  .    o - +0 helmet
rElec   .          Harm     .    N - +0 cloak
rCorr   .          Rampage  .    y - +1 Delatra's gloves {ID++}
Will    ++...                    m - +0 pair of boots
Stlth   ++                       (no amulet)
HPRegen 0.30/turn                i - +4 ring of slaying
MPRegen 0.21/turn                E - ring of willpower

@: paralysed, lethally poisoned (-1 -> -10), slowed
A: no striking features
a: Renounce Religion


You were on level 9 of the Dungeon.
You worshipped Vehumet.
Vehumet was aware of your devotion.
You visited 2 branches of the dungeon, and saw 10 of its levels.

You collected 515 gold pieces.

Inventory:

Hand Weapons
 l - a +1 vampiric dagger
 u - a +2 dagger of freezing
 I - a +0 dagger of venom
 O - a +3 dagger of venom (weapon)
Armour
 a - a +0 robe (worn)
 m - a +0 pair of boots (worn)
 o - a +0 helmet (worn)
 y - the +1 Delatra's gloves (worn) {ID++}
   (You found it on level 3 of the Dungeon)

   ID++:      It heals its wearer when they drink unknown potions, and restores
   their MP when they read unknown scrolls.
 N - a +0 cloak (worn)
Jewellery
 i - a +4 ring of slaying (left hand)
 E - a ring of willpower (right hand)
 J - a ring of protection from fire
 L - a +6 ring of strength
 M - an amulet of guardian spirit
Wands
 f - a wand of mindburst (12)
 s - a wand of iceblast (18)
 w - a wand of flame (14)
Scrolls
 c - 2 scrolls of fear {unknown}
 d - 2 scrolls of vulnerability
 e - a scroll of butterflies {unknown}
 g - 8 scrolls of identify {unknown}
 n - 2 scrolls of immolation {unknown}
 p - a scroll of blinking {unknown}
 r - 2 scrolls of noise {unknown}
 t - 5 scrolls of teleportation {unknown}
 x - a scroll of amnesia {unknown}
 B - a scroll of poison {unknown}
 C - a scroll of torment {unknown}
 F - 2 scrolls of enchant weapon {unknown}
 K - a scroll of enchant armour {unknown}
 P - 2 scrolls of fog {unknown}
Potions
 b - a potion of magic
 h - a potion of flight
 j - a potion of invisibility
 k - 5 potions of curing
 q - 5 potions of degeneration {unknown}
 v - 2 potions of heal wounds {unknown}
 z - 3 potions of lignification {unknown}
 A - a potion of ambrosia {unknown}
 D - 3 potions of mutation {unknown}
 G - 2 potions of cancellation {unknown}
 H - a potion of might {unknown}


   Skills:
 + Level 5.7 Fighting
 + Level 8.8 Dodging
 - Level 2.5 Stealth
 * Level 13.1 Spellcasting
 + Level 8.9 Conjurations


You had 24 spell levels left.
You knew the following spells:

 Your Spells              Type           Power      Damage    Failure   Level
a - Magic Dart            Conj           100%       1d8       1%          1
b - Searing Ray           Conj           100%       2d8       1%          2
c - Fulminant Prism       Conj/Hex       21%        3d12      4%          4
d - Iskenderun's Mystic   Conj/Tloc      43%        2d10      4%          4

Your spell library contained the following spells:

 Spells                   Type           Power      Damage    Failure   Level
 Foxfire                  Conj/Fire      100%       2x1d9     1%          1
 Kiss of Death            Conj/Necr      100%       2d13      1%          1
 Dazzling Flash           Conj/Hex       86%        N/A       1%          3
 Confusing Touch          Hex            18%        N/A       9%          3
 Animate Dead             Necr           18%        N/A       28%         4
 Dispel Undead            Necr           18%        3d11      28%         4
 Leda's Liquefaction      Hex/Erth       9%         N/A       28%         4
 Lee's Rapid Deconstruct  Erth           9%         3d7*      63%         5
 Statue Form              Tmut/Erth      12%        N/A       99%         6
 Haunt                    Necr/Summ      9%         N/A       100%        7
 Infestation              Necr           9%         N/A       100%        8


Dungeon Overview and Level Annotations

Branches:
Dungeon (9/15)             Temple (1/1) D:6            Lair (0/5) D:8
    Orc: D:9-12

Altars:
Ashenzari
Cheibriados
Dithmenos
Elyvilon
Gozag
Hepliaklqana
Makhleb
Nemelex Xobeh
Okawaru
Qazlal
Ru
Trog
Uskayaw
Vehumet
Wu Jian
Xom
Yredelemnul
Zin


Message History

The hornet is heavily wounded.
You feel yourself speed up. The hornet stings you!
You suddenly lose the ability to move!
The hornet stings you!
You feel yourself slow down.
A kobold brigand comes into view.
It is wielding a +0 short sword and quivering poisoned darts.
You can move again.
You feel yourself speed up. The hornet stings you.
You feel yourself slow down. The hornet barely misses you.
An orc wizard comes into view. It is wielding a +0 dagger.
Unknown command.
Unknown command.
Unknown command.
Casting: Iskenderun's Mystic Blast (dangerous; 4% risk of failure)
Confirm with . or Enter, or press ? or * to list all spells.
You erupt in a blast of force!
The mystic blast hits the hornet.
The hornet is heavily wounded.
The hornet closely misses you.
The hornet stings you but does no damage.
The hornet stings you.
* * * LOW HITPOINT WARNING * * *
You feel as though you will be slow longer.
The hornet barely misses you.
The kobold brigand hits you with a +0 short sword.
* * * LOW HITPOINT WARNING * * *
The hornet stings you.
* * * LOW HITPOINT WARNING * * *
You are poisoned.
You feel as though you will be slow longer.
Unknown command.
Unknown command.
You feel better. The hornet stings you!
* * * LOW HITPOINT WARNING * * *
You are lethally poisoned!
You suddenly lose the ability to move!
The kobold brigand hits you but does no damage.
The hornet stings you but does no damage.
The kobold brigand hits you with a +0 short sword.
* * * LOW HITPOINT WARNING * * *
You die...

....>........##.##...#
.............##....#######
.......).....####.........
....##.......# ##.######.
############.# #..#
#.####.## #......#
####..o### #..@y..###
#.#.K....### #.#####...>#
#. #..#...>. # ##)# ###.
). ..# #)# ..


You could see a hornet, a kobold brigand and an orc wizard.

Vanquished Creatures
  Maurice (D:8)
  Prince Ribbit (D:8)
  5 yaks (D:6)
  A steam dragon (D:7)
  3 wargs (D:8)
  Duvessa (D:6)
  A water moccasin (D:7)
  2 ice beasts
  3 sky beasts (D:7)
  3 black bears
  An orc warrior (D:9)
  5 ogres
  4 phantoms
  A kobold brigand (D:9)
  5 bullfrogs
  A gnoll sergeant (D:7)
  3 scorpions
  3 wights (D:7)
  3 killer bees (D:7)
  Dowan (D:6)
  4 hounds
  5 orc priests (D:8)
  4 jellies
  3 gnoll boudas
  2 iguanas (D:6)
  8 orc wizards
  8 adders
  23 gnolls
  2 shadow imps (D:7)
  A white imp (D:6)
  2 worms
  4 dart slugs
  30 orcs
  5 ball pythons (D:1)
  4 bats
  10 endoplasms
  8 giant cockroaches
  12 goblins
  10 hobgoblins
  3 quokkas
  4 frilled lizards
  8 kobolds
  4 rats
212 creatures vanquished.

Vanquished Creatures (others)
  13 fulminant prisms
13 creatures vanquished.

Grand Total: 225 creatures vanquished

Notes
Turn   | Place    | Note
-------+----------+-------------------------------------------
     0 | D:1      | 112233 the Deep Elf Conjurer began the quest for the Orb.
     0 | D:1      | Reached XP level 1. HP: 10/10 MP: 6/6
   230 | D:1      | Reached XP level 2. HP: 15/15 MP: 5/8
   348 | D:1      | Learned a level 2 spell: Searing Ray
   541 | D:1      | Found a faded altar of an unknown god.
  1023 | D:2      | Reached XP level 3. HP: 20/20 MP: 5/10
  1247 | D:1      | Reached skill level 4 in Spellcasting
  1383 | D:2      | Reached skill level 1 in Fighting
  1385 | D:2      | Reached XP level 4. HP: 25/25 MP: 6/12
  1875 | D:2      | Reached skill level 5 in Conjurations
  1982 | D:2      | Reached XP level 5. HP: 29/29 MP: 11/14
  2039 | D:2      | Reached skill level 5 in Spellcasting
  3617 | D:3      | Reached XP level 6. HP: 35/35 MP: 11/16
  3723 | D:3      | Found the +1 Delatra's gloves {ID++}
  3833 | D:4      | Reached skill level 6 in Spellcasting
  3989 | D:4      | Learned a level 4 spell: Fulminant Prism
  3994 | D:4      | Learned a level 4 spell: Iskenderun's Mystic Blast
  4416 | D:4      | Reached skill level 7 in Spellcasting
  4416 | D:4      | Reached XP level 7. HP: 32/40 MP: 10/19
  4420 | D:4      | Reached skill level 5 in Dodging
  5191 | D:5      | Entered Level 5 of the Dungeon
  5364 | D:5      | Reached skill level 8 in Spellcasting
  5520 | D:5      | Reached XP level 8. HP: 46/46 MP: 15/22
  5911 | D:5      | Reached skill level 9 in Spellcasting
  6414 | D:6      | Reached skill level 10 in Spellcasting
  6416 | D:6      | Reached XP level 9. HP: 40/52 MP: 3/25
  7033 | D:6      | Reached skill level 11 in Spellcasting
  7156 | D:6      | Found a staircase to the Ecumenical Temple.
  7168 | Temple   | Entered the Ecumenical Temple
  7355 | Temple   | Became a worshipper of Vehumet
  7702 | D:6      | Noticed Duvessa
  7702 | D:6      | Noticed Dowan
  7707 | D:6      | Killed Dowan
  7721 | D:6      | Killed Duvessa
  8058 | D:7      | Identified the +1 ring mail of Duwi {+Inv Str+4}
  8278 | D:7      | Reached skill level 5 in Fighting
  8382 | D:7      | Reached * piety under Vehumet
  8382 | D:7      | Offered knowledge of Foxfire by Vehumet.
  8383 | D:7      | Reached skill level 12 in Spellcasting
  8595 | D:7      | Reached XP level 10. HP: 56/59 MP: 11/28
  9144 | D:8      | Noticed Prince Ribbit
  9151 | D:8      | Killed Prince Ribbit
  9365 | D:8      | Found a staircase to the Lair.
  9640 | D:8      | Found a burning altar of Makhleb.
  9761 | D:8      | Noticed Maurice
  9770 | D:8      | Killed Maurice
 10320 | D:8      | Found a broken altar of Ashenzari.
 10322 | D:8      | Found a white marble altar of Elyvilon.
 10325 | D:8      | Found an ornate altar of the Wu Jian Council.
 10405 | D:9      | Reached skill level 13 in Spellcasting
 10717 | D:9      | Paralysed by a hornet for 1 turns
 10721 | D:9      | Paralysed by a hornet for 3 turns
 10721 | D:9      | HP: 2/60 [kobold brigand/+0 short sword (4)]
 10722 | D:9      | Succumbed to a hornet's poison

Illustrated notes

Levels and vault maps discovered:
D:1:      matt_arrival_diagonals, layout_basic, basic_ecumenical_altar,
          minmay_pentomino_p4
D:2:      layout_basic, fountainhead
D:3:      layout_loops_ring, pf_guarded_unrand_delatra
D:4:      layout_basic, serial_glass, glass_columns_a, glass_columns_a
D:5:      layout_loops_cross, minivault_11
D:6:      dreamdust_elfheim, layout_loops_cross, minmay_temple_entry_large_hall,
          serial_bayou_pond_c
D:7:      layout_basic, serial_park_tiny_pond
D:8:      layout_cave_pods, grunt_temple_overflow_open,
          erik_lair_orcish_takeover, uniq_maurice, uniq_prince_ribbit1
D:9:      layout_rooms, minmay_between
Temple:   eino_narrow_crystal_temple

Skill      XL: |  1  2  3  4  5  6  7  8  9 10 |
---------------+-------------------------------+-----
Dodging        | 3 4 5 6 8 |  8.8
Spellcasting   | 4 5 7 8 10 12 13 | 13.1
Fighting       | 1 2 3 4 5 |  5.7
Conjurations   | 5 6 7 8 |  8.9
Stealth        | |  2.5

Action                     |  1- 3 |  4- 6 |  7- 9 | 10-12 || total
---------------------------+-------+-------+-------+-------++-------
  Melee: Dagger            |       |       |     7 |       ||     7
         Punch             |       |       |     1 |       ||     1
   Cast: Magic Dart        |    62 |   108 |   143 |    83 ||   396
         Searing Ray       |     3 |    13 |    49 |    19 ||    84
         Iskenderun's Myst |       |       |    10 |     6 ||    16
         Fulminant Prism   |       |       |     4 |     9 ||    13
  Evoke: Wand              |       |       |       |     1 ||     1
    Use: Potion            |       |       |     3 |     2 ||     5
         Scroll            |       |       |     1 |       ||     1
 Armour: Robe              |     2 |     6 |    18 |     8 ||    34
  Dodge: Dodged            |     7 |    13 |    66 |    31 ||   117

Table legend: (Time is in decaauts)
 A = Elapsed time spent in this place.
 B = Non-inter-level travel time spent in this place.
 C = Inter-level travel time spent in this place.
 D = Time resting spent in this place.
 E = Time spent auto-exploring this place.
 F = Levels seen in this place.
 G = Mean time per level.
                   A        B        C        D        E       F      G
               +--------+--------+--------+--------+--------+-----+--------+
         Total |  10721 |  10313 |    408 |    459 |   8658 |  10 | 1072.1 |
       Dungeon |  10519 |  10150 |    369 |    459 |   8502 |   9 | 1168.8 |
        Temple |    202 |    163 |     39 |      0 |    156 |   1 |  202.0 |
               +--------+--------+--------+--------+--------+-----+--------+

Top non-repeatable levels by time:
     D:1: 1562 daAuts
     D:4: 1363 daAuts
     D:8: 1292 daAuts
     D:6: 1273 daAuts
     D:7: 1241 daAuts
     D:5: 1181 daAuts
     D:3: 1165 daAuts
     D:2: 1101 daAuts
     D:9: 337 daAuts
  Temple: 202 daAuts
